 Dungeon Crawl Stone Soup version 0.27-a0-951-gae3e1deef5 (webtiles) character file.

Game seed: 13908284536040835380

1180 funkygono the Stinger (level 8, -2/57 HPs)
             Began as a White Draconian Venom Mage on Apr 11, 2021.
             Was an Initiate of Vehumet.
             Slain by a gargoyle
             ... wielding a +0 mace
              (11 damage)
             ... on level 6 of the Dungeon.
             The game lasted 00:16:51 (8075 turns).

funkygono the Stinger (White Draconian Venom Mage)  Turns: 8075, Time: 00:16:51

Health: -2/57      AC:  9    Str: 12    XL:     8   Next: 19%
Magic:  15/16      EV: 12    Int: 16    God:    Vehumet [......]
Gold:   347        SH:  0    Dex: 12    Spells: 5/18 levels left

rFire    . . .     SeeInvis +   q - +2 falchion (vorpal)
rCold    + . .     Faith    .   (no shield)
rNeg     . . .     Spirit   .   (armour unavailable)
rPois    +         Reflect  .   (helmet restricted)
rElec    .         Harm     .   (no cloak)
rCorr    .         Rampage  .   (no gloves)
Will     .....                  f - +2 pair of boots
Stlth    ++........             (no amulet)
HPRegen  0.19/turn              o - ring of see invisible
MPRegen  0.15/turn              s - ring of poison resistance

@: no status effects
A: breathe frost, AC +6, unfitting armour, cold resistance 1, cold-blooded
a: Breathe Frost, Renounce Religion


You were on level 6 of the Dungeon.
You worshipped Vehumet.
Vehumet was noncommittal.
You visited 1 branch of the dungeon, and saw 6 of its levels.

You collected 347 gold pieces.

Inventory:

Hand Weapons
 d - a +0 short sword
 j - a +0 whip of electrocution
 q - a +2 vorpal falchion (weapon)
Missiles
 m - 2 throwing nets
 r - 108 stones
Armour
 f - a +2 pair of boots (worn)
Jewellery
 o - a ring of see invisible (left hand)
 s - a ring of poison resistance (right hand)
Wands
 a - a wand of iceblast (3)
 l - a wand of paralysis (8)
Scrolls
 h - 5 scrolls of teleportation
 n - a scroll of fear
 p - 2 scrolls of immolation
 u - a scroll of identify
Potions
 b - a potion of resistance
 c - 3 potions of invisibility
 e - 4 potions of curing
 g - a potion of lignification {unknown}
 i - a potion of might {unknown}
 k - a potion of degeneration {unknown}
 t - a potion of flight {unknown}


   Skills:
 + Level 0.1 Fighting
 + Level 0.2(0.3) Short Blades
 + Level 0.2(0.3) Long Blades
 + Level 2.1 Dodging
 - Level 1.7 Stealth
 * Level 5.5 Spellcasting
 * Level 1.1 Conjurations
 * Level 4.3 Transmutations
 + Level 0.5 Fire Magic
 * Level 2.2 Air Magic
 * Level 6.3 Poison Magic


You had 5 spell levels left.
You knew the following spells:

 Your Spells              Type           Power      Damage    Failure   Level
a - Sting                 Tmut/Pois      84%        1d7       1%          1
b - Poisonous Vapours     Pois/Air       36%        N/A       3%          2
c - Ignite Poison         Fire/Tmut/Pois 16%        N/A       10%         3
d - Olgreb's Toxic Radia  Pois           24%        N/A       11%         4
e - Mephitic Cloud        Conj/Pois/Air  14%        N/A       12%         3

Your spell library contained the following spells:

 Spells                   Type           Power      Damage    Failure   Level
 Magic Dart               Conj           32%        1d4       9%          1
 Blink                    Tloc           N/A        N/A       22%         2
 Call Imp                 Summ           4%         N/A       22%         2
 Slow                     Hex            4%         N/A       22%         2
 Conjure Flame            Conj/Fire      7%         6-21      30%         3


Dungeon Overview and Level Annotations

Branches:
Dungeon (6/15)             Temple (0/1) D:6

Altars:
Hepliaklqana
Qazlal
Ru
Vehumet
The Shining One


Innate Abilities, Weirdness & Mutations

You can breathe waves of freezing cold which knock back foes.
Your icy white scales are hard. (AC +6)
You cannot fit into any form of body armour.
Your flesh is cold resistant. (rC+)
You are cold-blooded and may be slowed by cold attacks.


Message History

There is a sacrificial altar of Ru here.
There is an open door here.
Things that are here:
a +0 giant spiked club; an ogre corpse A gargoyle comes into view.
It is wielding a +0 mace.
Casting: Sting (safe; 1% risk of failure)
Confirm with . or Enter, or press ? or * to list all spells.
Aiming: Sting (safe; 1% risk of failure)
Press: ? - help, Shift-Dir - straight line, f - gargoyle
Aim: a gargoyle, wielding a +0 mace (wandering, hasn't noticed you, 11% to evade)
The sting hits the gargoyle but does no damage.
Casting: Sting (safe; 1% risk of failure)
Confirm with . or Enter, or press ? or * to list all spells.
Aiming: Sting (safe; 1% risk of failure)
Press: ? - help, Shift-Dir - straight line, f/p - gargoyle
Aim: a gargoyle, wielding a +0 mace (11% to evade)
The sting hits the gargoyle but does no damage.
You hit the gargoyle but do no damage. The gargoyle barely misses you.
The gargoyle hits you with a +0 mace!
You barely miss the gargoyle. The gargoyle barely misses you.
You slash the gargoyle!
The gargoyle is moderately damaged.
The gargoyle hurls a stone arrow at you.
The stone arrow hits you!
You hit the gargoyle but do no damage.
You tail-slap the gargoyle, but do no damage.
The gargoyle is moderately damaged.
The gargoyle hits you with a +0 mace! The gargoyle hits you with a +0 mace.
You barely miss the gargoyle.
The gargoyle is moderately damaged.
The gargoyle hits you with a +0 mace!
* * * LOW HITPOINT WARNING * * *
You hit the gargoyle but do no damage.
You tail-slap the gargoyle, but do no damage.
The gargoyle is moderately damaged.
The gargoyle closely misses you.
You slash the gargoyle! You tail-slap the gargoyle.
The gargoyle is severely damaged.
The gargoyle hits you with a +0 mace!
You die...

#.......#..)... ##
#.......###._.# .
#.......#...... .
######..#...#.. ###.
#..#...#.. ...##
######†.'###### ##...
#[.........#
#.#....###)##########
...._.9@...#
##....#.#.## #...
#.#.# ### ..#.# #
####)# # ..# # ###
#.... #.###


You could see a gargoyle.

Vanquished Creatures
  An ice beast (D:5)
  An orc warrior (D:3)
  2 ogres
  A gnoll sergeant (D:4)
  A bullfrog (D:6)
  A scorpion (D:4)
  2 jellies
  A bullfrog zombie (D:3)
  3 orc priests (D:3)
  Jessica (D:2)
  An iguana (D:4)
  Ijyb (D:3)
  Natasha (twice) (D:2)
  2 orc wizards (D:5)
  A hound zombie (D:5)
  A hound skeleton (D:5)
  Robin (D:4)
  8 gnolls
  5 adders
  A howler monkey skeleton (D:3)
  A white imp (D:2)
  An ufetubus (D:5)
  6 worms
  4 dart slugs
  7 orcs
  12 ball pythons
  7 endoplasms
  3 giant cockroaches
  6 hobgoblins
  2 jackals (D:3)
  4 quokkas
  3 bats
  11 goblins
  7 kobolds
  5 rats
116 creatures vanquished.

Notes
Turn   | Place    | Note
-------+----------+-------------------------------------------
     0 | D:1      | funkygono the Draconian Venom Mage began the quest for the
                  | Orb.
     0 | D:1      | Reached XP level 1. HP: 14/14 MP: 3/3
   396 | D:1      | Reached XP level 2. HP: 20/20 MP: 1/5
  1468 | D:2      | Reached XP level 3. HP: 25/26 MP: 1/6
  1662 | D:2      | Noticed Jessica
  1668 | D:2      | Killed Jessica
  1669 | D:2      | Reached skill level 4 in Poison Magic
  1700 | D:2      | Reached XP level 4. HP: 16/33 MP: 0/8
  2234 | D:2      | Learned a level 2 spell: Poisonous Vapours
  2358 | D:2      | Noticed Natasha
  2408 | D:2      | Killed Natasha
  2446 | D:2      | Reached XP level 5. HP: 11/38 MP: 3/9
  2810 | D:2      | Noticed Natasha
  2818 | D:2      | Killed Natasha
  3895 | D:3      | Noticed Ijyb
  3923 | D:3      | Killed Ijyb
  4038 | D:3      | Found a faded altar of an unknown god.
  4052 | D:3      | Noticed an orc warrior
  4073 | D:3      | Killed an orc warrior
  4074 | D:3      | Reached skill level 5 in Poison Magic
  4074 | D:3      | Reached XP level 6. HP: 45/45 MP: 5/11
  4108 | D:3      | Learned a level 3 spell: Ignite Poison
  4113 | D:3      | Learned a level 4 spell: Olgreb's Toxic Radiance
  4459 | D:3      | Found a hazy altar of Hepliaklqana.
  5050 | D:4      | Noticed Robin
  5058 | D:4      | Killed Robin
  5414 | D:4      | Your scales start taking on an icy white colour.
  5414 | D:4      | Reached XP level 7. HP: 42/50 MP: 8/13
  5414 | D:4      | Gained mutation: Your flesh is cold resistant. (rC+) [White
                  | Draconian growth]
  5453 | D:4      | HP: 1/50 [goblin/+0 club[Robin] (5)]
  6779 | D:4      | Learned a level 3 spell: Mephitic Cloud
  6807 | D:5      | Entered Level 5 of the Dungeon
  7347 | D:5      | Found a glowing golden altar of the Shining One.
  7383 | D:5      | Reached skill level 5 in Spellcasting
  7383 | D:5      | Reached skill level 1 in Air Magic
  7383 | D:5      | Reached skill level 6 in Poison Magic
  7403 | D:5      | Found a radiant altar of Vehumet.
  7409 | D:5      | Became a worshipper of Vehumet
  7785 | D:6      | Found a staircase to the Ecumenical Temple.
  7811 | D:6      | Found a sacrificial altar of Ru.
  7819 | D:6      | Reached XP level 8. HP: 57/57 MP: 11/15
  7930 | D:6      | Reached skill level 1 in Conjurations
  7977 | D:6      | Found a stormy altar of Qazlal.
  8066 | D:6      | Noticed a gargoyle
  8075 | D:6      | Slain by a gargoyle

Illustrated notes

Levels and vault maps discovered:
D:1:      grunt_arrival_lava_bath, layout_loops_corners, minmay_misc_feat_rows
D:2:      layout_basic, chequers_serial_rivers_room_a, uniq_jessica,
          uniq_natasha
D:3:      layout_basic, nicolae_hepliaklqana_hippocampus,
          ebering_ecumenical_altar_hall, minmay_misc_feat_nine_boxes, uniq_ijyb
D:4:      layout_loops_ring, portal_sewer_entry_b,
          amcnicky_mini_corridor_feature, chequers_garden, serial_bayou_pond_e,
          abandoned_shop, lightli_minifort, uniq_robin
D:5:      layout_rooms, nicolae_vehumet_altar_sigil, lemuel_tele_altar
D:6:      layout_basic, nicolae_ru_great_annihilating_truth,
          nicolae_overflow_crystal_walls, minmay_temple_entry_water_ring,
          uniq_eustachio

Skill      XL: |  1  2  3  4  5  6  7  8 |
---------------+-------------------------+-----
Poison Magic   | 4 5 6 |  6.3
Spellcasting   | 3 4 5 |  5.5
Transmutations | 2 3 4 |  4.3
Dodging        | 2 |  2.1
Air Magic      | 1 2 |  2.2
Conjurations   | 1 |  1.1
Fighting       | |  0.1
Short Blades   | |  0.2
Long Blades    | |  0.2
Stealth        | |  1.7
Fire Magic     | |  0.5

Action                   |  1- 3 |  4- 6 |  7- 9 || total
-------------------------+-------+-------+-------++-------
Melee: Short sword       |     6 |    17 |       ||    23
       Unarmed           |       |     8 |       ||     8
       Tailslap          |       |     1 |     5 ||     6
       Whip              |       |     9 |     5 ||    14
       Falchion          |       |       |    16 ||    16
 Cast: Sting             |    53 |   107 |    70 ||   230
       Poisonous Vapours |       |    21 |    36 ||    57
 Abil: Breathe Frost     |       |       |     1 ||     1
  Use: Scroll            |     1 |     4 |     2 ||     7
       Potion            |       |       |     1 ||     1
Armor: Skin              |    15 |    18 |    29 ||    62
Dodge: Dodged            |    30 |    56 |    47 ||   133
       Rpst.: Falchion   |       |       |    11 ||    11

Table legend: (Time is in decaauts)
 A = Elapsed time spent in this place.
 B = Non-inter-level travel time spent in this place.
 C = Inter-level travel time spent in this place.
 D = Time resting spent in this place.
 E = Time spent auto-exploring this place.
 F = Levels seen in this place.
 G = Mean time per level.
                   A        B        C        D        E       F      G
               +--------+--------+--------+--------+--------+-----+--------+
         Total |   8080 |   7932 |    148 |      0 |   6559 |   6 | 1346.7 |
       Dungeon |   8080 |   7932 |    148 |      0 |   6559 |   6 | 1346.7 |
               +--------+--------+--------+--------+--------+-----+--------+

Top non-repeatable levels by time:
     D:4: 1869 daAuts
     D:3: 1791 daAuts
     D:2: 1691 daAuts
     D:1: 1458 daAuts
     D:5: 938 daAuts
     D:6: 332 daAuts
